 Dungeon Crawl Stone Soup version 0.17-a0-1105-gbe8b664 (webtiles) character file.

10981 YOLOxTooMuchSWAGooEE the Thaumaturge (level 11, 0/47 HPs)
             Began as a Spriggan Venom Mage on May 21, 2015.
             Was the Champion of Sif Muna.
             Slain by a giant frog (2 damage)
             ... on level 11 of the Dungeon.
             The game lasted 01:44:59 (21390 turns).

YOLOxTooMuchSWAGooEE the Thaumaturge (SpVM)        Turns: 21390, Time: 01:44:59

Health: 0/47       AC:  5    Str:  5    XL:     11   Next: 43%
Magic:  2/27       EV: 26    Int: 21    God:    Sif Muna [******]
Gold:   111        SH:  0    Dex: 18    Spells: 9 memorised, 7 levels left

rFire  . . .     SeeInvis +     N - +0 blowgun
rCold  . . .     Clarity  .     F - +1 robe
rNeg   . . .     SustAb   .     (shield restricted)
rPois  .         Gourm    .     (helmet restricted)
rElec  .         Spirit   .     J - +0 cloak
rCorr  .         Warding  .     (gloves unavailable)
rMut   .         Stasis   .     (boots unavailable)
MR     +....                    (no amulet)
Stlth  ++++......               H - ring of the Octopus King {AC+1 EV+1 Str+1 Int+1 Dex+1 Stlth+}
                                d - +2 ring of evasion

@: manticore barbs, very quick, somewhat resistant to hostile enchantments,
stealthy
A: unfitting armour, see invisible, herbivore 3, speed 3, slow metabolism 2
a: Channel Energy, Forget Spell, Renounce Religion


You were on level 11 of the Dungeon.
You worshipped Sif Muna.
Sif Muna was exalted by your worship.
You were not hungry.

You visited 1 branch of the dungeon, and saw 11 of its levels.

You collected 501 gold pieces.
You spent 390 gold pieces at shops.

Inventory:

Hand weapons
 D - a +1 hunting sling
 I - a +2 dagger of holy wrath
 N - a +0 blowgun (weapon)
Missiles
 a - 4 sling bullets
 g - 2 throwing nets
 i - 163 arrows
 j - 329 stones
 p - 20 arrows of frost
 u - 106 poisoned needles (quivered)
 y - 7 tomahawks
 T - 5 poisoned tomahawks
Armour
 F - a +1 robe (worn)
 J - a +0 cloak (worn)
Jewellery
 d - a +2 ring of evasion (left hand)
 e - an uncursed amulet of stasis
 m - an uncursed ring of protection from cold
 A - an uncursed ring of loudness
 E - an uncursed ring of positive energy
 H - a ring of the Octopus King (right hand) {AC+1 EV+1 Str+1 Int+1 Dex+1 Stlth+}
   (You found it on level 5 of the Dungeon)

   [ring of stealth]

   It affects your AC (+1).
   It affects your evasion (+1).
   It affects your strength (+1).
   It affects your intelligence (+1).
   It affects your dexterity (+1).
   It makes you more stealthy.
 L - an uncursed ring of fire
 M - an uncursed ring of sustain abilities
Magical devices
 r - a wand of lightning (0)
 z - a wand of cold (0)
 G - a wand of paralysis (9)
 V - a wand of fire (0)
 W - a wand of confusion (22)
Scrolls
 f - a scroll of noise {unknown}
 o - a scroll of enchant weapon
 q - a scroll of fear {unknown}
 s - 4 scrolls of remove curse
 t - 3 scrolls of random uselessness
 x - 2 scrolls of enchant armour
 K - a scroll of recharging {unknown}
 R - a scroll of immolation {unknown}
 Z - a scroll of summoning {unknown}
Potions
 h - a potion of magic {unknown}
 l - 2 potions of brilliance
 n - 3 potions of lignification
 B - 2 potions of might
 C - a potion of degeneration {unknown}
 O - a potion of beneficial mutation {unknown}
 S - a potion of curing {unknown}
 X - a potion of flight {unknown}
Books
 b - a Young Poisoner's Handbook

   Spells                             Type                      Level
   a - Sting                          Conjuration/Poison           1
   b - Cure Poison                    Poison                       2
   c - Mephitic Cloud                 Conjuration/Poison/Air       3
   d - Olgreb's Toxic Radiance        Poison                       4
   e - Venom Bolt                     Conjuration/Poison           5
 k - a book of Conjurations

   Spells                             Type                      Level
   a - Magic Dart                     Conjuration                  1
   b - Searing Ray                    Conjuration                  2
   c - Dazzling Spray                 Conjuration/Hexes            3
   d - Fulminant Prism                Conjuration/Hexes            4
   e - Iskenderun's Mystic Blast      Conjuration                  4
   f - Iskenderun's Battlesphere      Conjuration/Charms           5
 v - Sif Muna's Catalogue of Cloudy Boosts
   (Sif Muna gifted it to you on level 11 of the Dungeon)

   Spells                             Type                      Level
   a - Infusion                       Charms                       1
   b - Swiftness                      Charms/Air                   2
   c - Excruciating Wounds            Charms/Necromancy            5
   d - Deflect Missiles               Charms/Air                   6
 P - a book of Dreams

   Spells                             Type                      Level
   a - Ensorcelled Hibernation        Hexes/Ice                    2
   b - Phase Shift                    Translocation                5
   c - Shadow Creatures               Summoning                    5
   d - Silence                        Hexes/Air                    5
   e - Mass Confusion                 Hexes                        6
   f - Darkness                       Hexes                        7
 U - a book of Unlife

   Spells                             Type                      Level
   a - Recall                         Summoning/Translocation      3
   b - Animate Dead                   Necromancy                   4
   c - Control Undead                 Necromancy                   4
   d - Cigotuvi's Embrace             Necromancy                   5
   e - Death Channel                  Necromancy                   6
   f - Simulacrum                     Ice/Necromancy               6
Miscellaneous
 Y - a lamp of fire (inert)
Comestibles
 c - 7 bread rations
 w - 2 slices of pizza
 Q - 13 fruits


   Skills:
 - Level 8.0 Slings
 - Level 7.2 Dodging
 - Level 3.0 Stealth
 - Level 11.6 Spellcasting
 + Level 6.8 Conjurations
 * Level 5.1 Charms
 - Level 9.8 Poison Magic
 - Level 0.3 Evocations


You had 7 spell levels left.
You knew the following spells:

 Your Spells              Type           Power        Failure   Level  Hunger
a - Sting                 Conj/Pois      ####         1%          1    None
b - Cure Poison           Pois           ######....   1%          2    None
c - Mephitic Cloud        Conj/Pois/Air  #####...     1%          3    None
d - Venom Bolt            Conj/Pois      #####.....   6%          5    ####...
e - Iskenderun's Battles  Conj/Chrm      #####...     17%         5    ####...
f - Searing Ray           Conj           #####.       1%          2    None
g - Dazzling Spray        Conj/Hex       ####....     4%          3    None
h - Iskenderun's Mystic   Conj           #####...     3%          4    #......
i - Magic Dart            Conj           ####         1%          1    None


Dungeon Overview and Level Annotations

Branches:
Dungeon (11/15)            Temple (0/1) D:5             Orc (0/4) D:11
   Lair: D:8-11

Altars:
Dithmenos
Elyvilon
Gozag
Ru
Sif Muna
Trog
Vehumet
Xom
Yredelemnul

Shops:
D:7 :

Annotations:
D:4 Baka's ghost, average OpFE


Innate Abilities, Weirdness & Mutations

You are tiny and cannot use many weapons and most armour.
You have supernaturally acute eyesight.
You are a herbivore.
You cover ground extremely quickly.
You need consume almost no food.


Message History

The poisoned needle hits the plant.
The plant is lightly damaged.
Unknown command.
Firing (i - inventory. (,) - cycle):
u - 108 poisoned needles (quivered)
Press: ? - help, Shift-Dir - straight line, f/p - giant frog
Aim: a giant frog (lightly wounded)
You shoot a poisoned needle.
The poisoned needle hits the giant frog!
The giant frog is poisoned.
The giant frog is lightly wounded.
The bat completely misses you. The bat closely misses you.
The giant frog completely misses you.
A bat comes into view.
Firing (i - inventory. (,) - cycle):
u - 107 poisoned needles (quivered)
Press: ? - help, Shift-Dir - straight line, f/p - giant frog
Aim: a giant frog (lightly wounded, poisoned)
You shoot a poisoned needle.
The poisoned needle closely misses the giant frog.
The giant frog hits you.
You die...

...' P..# P.P.#
.P..P †((Pb. #((†(
###b(# ####
#####(@F# ...#
#.).†)### ...#
##'####### ...#
#......... ...#
###†...(..(.
...#####.'.......(.
.........#.......(.
...#######.........
...# ##########


You could see a giant frog and 2 bats.

Vanquished Creatures
  The ghost of Githyanki the Cleaver, an experienced DDFi of Makhleb (D:10)
  Nergalle (D:10)
  A hill giant (D:8)
  2 ugly things
  A manticore (D:11)
  A centaur skeleton (D:10)
  A troll (D:10)
  A tengu conjurer (D:10)
  2 ravens (D:10)
  2 deep elf magi
  A hungry ghost (D:10)
  2 hippogriffs (D:9)
  11 yaks
  A steam dragon (D:10)
  A mottled dragon (D:11)
  5 orc warriors
  5 ogres
  A necrophage (D:7)
  2 sky beasts
  5 phantoms
  An ice beast (D:10)
  4 centaurs
  A wasp (D:10)
  3 giant frogs
  2 big kobolds
  4 scorpions
  A water moccasin skeleton (D:10)
  5 killer bees (D:11)
  5 wights (D:10)
  2 giant frog zombies
  2 crimson imps
  A wasp zombie (D:9)
  7 hounds
  3 jellies
  Crazy Yiuf (D:5)
  7 orc priests
  13 orc wizards
  5 worker ants
  2 hound skeletons
  A worker ant zombie (D:6)
  13 adders
  6 gnolls
  4 river rats (D:11)
  8 shadow imps
  3 oozes
  An adder skeleton (D:9)
  An adder zombie (D:5)
  2 worms
  7 giant geckos
  41 orcs
  2 ball pythons (D:3)
  A bat skeleton (D:6)
  A bat zombie (D:5)
  20 goblins
  19 hobgoblins
  8 quokkas
  21 bats
  11 giant cockroaches
  A giant gecko zombie (D:6)
  5 giant newts
  18 jackals
  A jackal skeleton (D:4)
  27 kobolds
  22 rats
  A spectral orc (D:10)
361 creatures vanquished.

Vanquished Creatures (collateral kills)
  A crocodile (D:11)
  A centaur skeleton (D:10)
  2 worker ants (D:11)
4 creatures vanquished.

Vanquished Creatures (others)
  A deep elf fighter (D:11)
  A plant (D:10)
2 creatures vanquished.

Grand Total: 367 creatures vanquished

Notes
Turn   | Place    | Note
--------------------------------------------------------------
     0 | D:1      | YOLOxTooMuchSWAGooEE the Spriggan Venom Mage began the quest for the Orb.
     0 | D:1      | Reached XP level 1. HP: 9/9 MP: 5/5
   393 | D:1      | Reached XP level 2. HP: 13/13 MP: 3/7
  1459 | D:1      | Reached XP level 3. HP: 16/16 MP: 1/9
  1704 | D:2      | Learned a level 2 spell: Cure Poison
  1708 | D:2      | Learned a level 3 spell: Mephitic Cloud
  2576 | D:2      | Reached skill level 5 in Spellcasting
  3100 | D:2      | Reached XP level 4. HP: 21/21 MP: 8/12
  3222 | D:2      | Found a white marble altar of Elyvilon.
  3928 | D:3      | Reached XP level 5. HP: 24/24 MP: 10/14
  3995 | D:3      | Found a sacrificial altar of Ru.
  4864 | D:4      | Noticed Baka's ghost (average OpFE)
  4886 | D:4      | Learned a level 5 spell: Venom Bolt
  4910 | D:4      | Reached skill level 5 in Poison Magic
  4993 | D:4      | Reached skill level 6 in Spellcasting
  5063 | D:4      | Noticed an ogre
  5079 | D:4      | Killed an ogre
  5079 | D:4      | Reached skill level 1 in Conjurations
  5079 | D:4      | Reached XP level 6. HP: 28/28 MP: 4/16
  5908 | D:4      | Found a deep blue altar of Sif Muna.
  5909 | D:4      | Found a shadowy altar of Dithmenos.
  5934 | D:4      | Became a worshipper of Sif Muna the Loreminder
  6368 | D:5      | Entered Level 5 of the Dungeon
  6544 | D:5      | Reached XP level 7. HP: 32/32 MP: 4/18
  6741 | D:5      | Reached skill level 7 in Spellcasting
  6768 | D:5      | Found a staircase to the Ecumenical Temple.
  6841 | D:5      | Got a ring of the Octopus King
  6843 | D:5      | Identified a ring of the Octopus King {AC+1 EV+1 Str+1 Int+1 Dex+1 Stlth+} (You found it on level 5 of the Dungeon)
  7205 | D:5      | Noticed Crazy Yiuf
  7216 | D:5      | Killed Crazy Yiuf
  7216 | D:5      | Acquired Sif Muna's first power
  7940 | D:5      | Reached skill level 8 in Spellcasting
  7940 | D:5      | Reached XP level 8. HP: 36/36 MP: 1/21
  8511 | D:6      | Acquired Sif Muna's second power
  8990 | D:6      | Found a bloodstained altar of Trog.
  9569 | D:7      | Found Vupsuuth's Book Shop.
  9671 | D:7      | Found a shimmering altar of Xom.
  9839 | D:7      | Reached skill level 9 in Spellcasting
  9926 | D:7      | Found a radiant altar of Vehumet.
 10770 | D:8      | Reached XP level 9. HP: 38/38 MP: 15/23
 10774 | D:8      | Noticed a hill giant
 10806 | D:8      | Killed a hill giant
 10965 | D:8      | Reached skill level 5 in Conjurations
 11093 | D:8      | Found an opulent altar of Gozag.
 11364 | D:8      | Reached skill level 10 in Spellcasting
 11493 | D:8      | Acquired Sif Muna's third power
 12579 | D:9      | Reached skill level 1 in Slings
 12673 | D:9      | Found a basalt altar of Yredelemnul.
 13307 | D:9      | Reached XP level 10. HP: 43/43 MP: 13/25
 14430 | D:10     | Entered Level 10 of the Dungeon
 14430 | D:10     | Noticed Githyanki's ghost (experienced DDFi)
 14986 | D:10     | Noticed Nergalle
 15072 | D:10     | Reached skill level 5 in Slings
 15380 | D:10     | Noticed a purple ugly thing
 15495 | D:10     | Reached skill level 5 in Dodging
 16295 | D:10     | Reached skill level 11 in Spellcasting
 16612 | D:10     | Killed a purple ugly thing
 17219 | D:11     | Found a staircase to the Orcish Mines.
 17411 | D:11     | Noticed a green ugly thing
 17898 | D:10     | Killed Nergalle
 17898 | D:10     | Reached XP level 11. HP: 47/47 MP: 11/27
 19628 | D:10     | Killed Githyanki's ghost
 19960 | D:7      | Bought a book of Conjurations for 390 gold pieces
 19966 | D:7      | Learned a level 5 spell: Iskenderun's Battlesphere
 19969 | D:7      | Learned a level 2 spell: Searing Ray
 19973 | D:7      | Learned a level 3 spell: Dazzling Spray
 19978 | D:7      | Learned a level 4 spell: Iskenderun's Mystic Blast
 19980 | D:7      | Learned a level 1 spell: Magic Dart
 21027 | D:11     | Reached skill level 1 in Charms
 21208 | D:11     | Killed a green ugly thing
 21208 | D:11     | Received a gift from Sif Muna
 21209 | D:11     | Identified Sif Muna's Catalogue of Cloudy Boosts (Sif Muna gifted it to you on level 11 of the Dungeon)
 21307 | D:11     | Noticed a manticore
 21373 | D:11     | Killed a manticore
 21373 | D:11     | Reached skill level 5 in Charms
 21385 | D:11     | HP: 1/47 [river rat (4)]
 21390 | D:11     | Slain by a giant frog

Vault maps used:
D:1:      dpeg_arrival_lava_temple_mockup
D:2:      elyvilon_altar_5
D:3:      first_bread, serial_forest, infiniplex_forest_clump_medium,
          infiniplex_forest_clump_medium, infiniplex_forest_pool,
          infiniplex_forest_corner_1, infiniplex_forest_clump_double,
          infiniplex_forest_lined_3_way, infiniplex_forest_lined_room_3,
          grunt_ministairs_8, kennysheep_another_room,
          nicolae_ru_the_path_less_chosen
D:4:      nicolae_overflow_hidden_temple, led_sif_book
D:5:      minmay_temple_entry_trees, uniq_crazy_yiuf_cottage
D:6:      lightli_temple_of_fire
D:7:      nicolae_overflow_crystal_walls, old_standard_altar, serial_shops,
          nicolae_shop_statue_plus
D:8:      kennysheep_little_box
D:9:      kennysheep_mini_moat
D:10:     grunt_tengu_nest, uniq_nergalle
D:11:     grunt_lair_entry_elf_guard_hut, orc_0_dummy

Action                   |  1- 3 |  4- 6 |  7- 9 | 10-12 || total
-------------------------+-------+-------+-------+-------++-------
Melee: Unarmed           |     1 |       |       |       ||     1
       Short sword       |       |    20 |     1 |       ||    21
       Dagger            |       |    15 |       |       ||    15
 Fire: Hunting sling     |       |       |   354 |   826 ||  1180
       Blowgun           |       |       |       |    42 ||    42
Throw: Stone             |    10 |       |       |       ||    10
 Cast: Sting             |   125 |   180 |   321 |   176 ||   802
       Mephitic Cloud    |       |     4 |    32 |    76 ||   112
       Venom Bolt        |       |       |     1 |    11 ||    12
       Cure Poison       |       |       |       |     3 ||     3
       Magic Dart        |       |       |       |     9 ||     9
       Iskenderun's Myst |       |       |       |     4 ||     4
       Iskenderun's Batt |       |       |       |     2 ||     2
       Searing Ray       |       |       |       |     2 ||     2
Invok: Channel Energy    |       |       |     1 |       ||     1
Evoke: Wand              |       |       |       |     8 ||     8
       Lamp of fire      |       |       |       |     1 ||     1
  Use: Scroll            |       |     4 |       |     8 ||    12
       Potion            |       |       |     1 |     3 ||     4
 Stab: Confused          |       |       |       |     3 ||     3
  Eat: Royal jelly       |       |     1 |       |       ||     1
       Bread ration      |       |       |     1 |     2 ||     3
